 Dungeon Crawl Stone Soup version 0.30.1-11-g7821555f0a (webtiles) character file.

Game seed: 8877679008785455406

1253 porpoise the Skirmisher (level 8, -2/57 HPs)
             Began as a Demonspawn Hunter on Jan 11, 2024.
             Was a Follower of Hepliaklqana.
             Slain by an ogre
             ... wielding a +0 giant club
              (32 damage)
             ... while paralysed by Grinder
             ... on level 6 of the Dungeon.
             The game lasted 00:11:57 (3837 turns).

porpoise the Skirmisher (Demonspawn Hunter)         Turns: 3837, Time: 00:11:58

Health: -2/57      AC:  5    Str: 21    XL:     8   Next: 26%
Magic:  8/8        EV:  2    Int: 10    God:    Hepliaklqana [*.....]
Gold:   318        SH:  0    Dex: 19    Spells: 7/7 levels left

rFire   . . .        b - +2 dagger (drain)
rCold   . . .        (no shield)
rNeg    . . .        y - +0 ring mail of Imperfection {rPois Str+3}
rPois   +            (helmet restricted)
rElec   .            (no cloak)
rCorr   .            (no gloves)
SInv    .            (no boots)
Will    .....        j - amulet of regeneration
Stlth   +            F - ring of flight
HPRegen 1.09/turn    v - +6 ring of strength
MPRegen 0.11/turn

%: no passive effects
@: paralysed, flying, studying Ranged Weapons
A: reduced essence, antennae 2, large bone plates 2, powered by pain 1
a: Renounce Religion, Recall Ancestor, Ancestor Identity


You were on level 6 of the Dungeon.
You worshipped Hepliaklqana.
Hepliaklqana was aware of your devotion.
You visited 1 branch of the dungeon, and saw 6 of its levels.

You collected 318 gold pieces.

Inventory:

Hand Weapons
 a - a +0 shortbow
 b - a +2 dagger of draining (weapon)
 w - the +7 war axe of Outrage {heavy, Fly Will+ Str-2 SInv}
   (You found it on level 3 of the Dungeon)

   Str:       It affects your strength (-2).
   SInv:      It lets you see invisible.
   Fly:       It grants you flight.
   Will:      It increases your willpower.
Missiles
 i - 2 poisoned darts
 o - 10 javelins
 t - 2 atropa-tipped darts
 z - 3 boomerangs
Armour
 c - a +1 leather armour
 y - the +0 ring mail of Imperfection (worn) {rPois Str+3}
   (You found it on level 3 of the Dungeon)

   Str:       It affects your strength (+3).
   rPois:     It protects you from poison.
Jewellery
 j - an amulet of regeneration (around neck)
 l - a ring of poison resistance
 v - a +6 ring of strength (right hand)
 B - an amulet of the acrobat
 F - a ring of flight (left hand)
Scrolls
 d - a scroll of magic mapping {unknown}
 f - 3 scrolls of fear
 g - a scroll of immolation
 n - a scroll of enchant armour
 r - 2 scrolls of teleportation
 s - a scroll of poison {unknown}
 E - a scroll of noise {unknown}
Potions
 e - 2 potions of haste
 h - 2 potions of brilliance
 k - a potion of might
 m - a potion of mutation
 p - a potion of attraction
 q - 3 potions of flight
 u - 2 potions of curing
 x - a potion of resistance
 A - a potion of ambrosia {unknown}
 C - a potion of magic {unknown}
 D - 2 potions of heal wounds


   Skills:
 + Level 5.6 Fighting
 * Level 11.2 Ranged Weapons
 - Level 1.7 Dodging
 - Level 0.8 Stealth


You had 7 spell levels left.
You didn't know any spells.
Your spell library contained the following spells:

 Spells                   Type           Power      Damage    Failure   Level
 Ensorcelled Hibernation  Hex/Ice        0%         N/A       67%         2
 Passwall                 Tmut/Erth      0%         N/A       67%         2
 Call Canine Familiar     Summ           0%         N/A       88%         3
 Portal Projectile        Hex/Tloc       0%         N/A       88%         3
 Swiftness                Air            0%         N/A       88%         3
 Leda's Liquefaction      Hex/Erth       0%         N/A       99%         4


Dungeon Overview and Level Annotations

Branches:
Dungeon (6/15)             Temple (0/1) D:5

Altars:
Gozag
Hepliaklqana
Trog
Vehumet

Annotations:
D:6 Grinder


Innate Abilities, Weirdness & Mutations

Your life essence is reduced to manifest your ancestor. (-10% HP)
You have a pair of antennae on your head.
You are mostly covered in large bone plates. (SH +6)
You sometimes gain a little power by taking damage.


Message History

You shoot an arrow. The arrow hits Grinder!
Grinder is moderately wounded.
Grinder gestures at you. Pain shoots through your body!
Nikki hits the ogre but does no damage.
The ogre barely misses Nikki.
You shoot an arrow.
The arrow hits Grinder but does no damage.
Grinder is moderately wounded.
Grinder gestures at you. You resist with some effort.
Nikki barely misses the ogre.
The ogre misses Nikki.
Nikki hits the ogre!
Grinder hits you.
You writhe in agony.
You shoot an arrow. The arrow hits Grinder.
Grinder is moderately wounded.
Nikki barely misses the ogre.
Grinder hits you.
You writhe in agony.
You shoot an arrow.
The arrow hits Grinder but does no damage.
Grinder is moderately wounded.
The ogre barely misses Nikki.
Nikki hits the ogre.
Grinder hits you!
You writhe in agony.
You aren't carrying any items that you can evoke.
You shoot an arrow. The arrow hits Grinder.
Grinder is moderately wounded.
Nikki completely misses the ogre.
The ogre hits Nikki with a +0 giant club!
Nikki is destroyed!
Grinder gestures at you.
You struggle to resist.
You sense an unholy aura.
b - a +2 dagger of draining (weapon)
You hit Grinder.
Grinder is moderately wounded.
Grinder hits you.
You writhe in agony.
You barely miss Grinder.
Grinder is moderately wounded.
Grinder gestures at you.
You suddenly lose the ability to move!
The ogre hits you with a +0 giant club!!
Ouch! That really hurt!
You die...

.##.###.#.....#
.#......)####.#
.#.......# ##.####.#
# .........#
#.......#.#
.........#
#...#####.#
.........#
#.....#...
...........###.#.#.#
.........#. #...O.#
#........# ##.@.##
#.######## #.5.# #.#
#####


You could see Grinder and an ogre.

Vanquished Creatures
  3 water moccasins
  A black bear (D:5)
  An ogre (D:4)
  A centaur (D:5)
  A scorpion (D:5)
  5 hounds
  A jelly (D:5)
  An orc priest (D:6)
  A gnoll bouda (D:5)
  3 iguanas
  2 orc wizards (D:4)
  3 gnolls (D:5)
  5 adders
  A shadow imp (D:6)
  A white imp (D:6)
  An ufetubus (D:4)
  4 worms
  7 orcs
  6 ball pythons
  4 endoplasms
  6 giant cockroaches
  9 goblins
  9 hobgoblins
  5 quokkas
  7 bats
  4 frilled lizards
  8 kobolds
  7 rats
  A spectral hobgoblin (D:3)
108 creatures vanquished.

Vanquished Creatures (collateral kills)
  An ice beast (D:6)
  An orc (D:6)
2 creatures vanquished.

Vanquished Creatures (others)
  An ancestor (D:6)
1 creature vanquished.

Grand Total: 111 creatures vanquished

Notes
Turn   | Place    | Note
-------+----------+-------------------------------------------
     0 | D:1      | porpoise the Demonspawn Hunter began the quest for the Orb.
     0 | D:1      | Reached XP level 1. HP: 16/16 MP: 1/1
   102 | D:1      | Gained mutation: You are partially covered in large bone
                  | plates. (SH +4) [demonic ancestry]
   102 | D:1      | Reached XP level 2. HP: 11/22 MP: 2/2
   208 | D:1      | You fall into a shaft and drop 1 floor!
   221 | D:2      | Reached skill level 4 in Ranged Weapons
   436 | D:1      | Gained mutation: You sometimes gain a little power by
                  | taking damage. [demonic ancestry]
   436 | D:1      | Reached XP level 3. HP: 28/28 MP: 3/3
  1482 | D:3      | Reached skill level 5 in Ranged Weapons
  1482 | D:3      | Reached XP level 4. HP: 35/35 MP: 4/4
  1564 | D:3      | Identified the +0 ring mail of Imperfection {rPois Str+3}
  1737 | D:3      | Identified the +7 war axe of Outrage {heavy, Fly Will+
                  | Str-2 SInv}
  2134 | D:3      | Found a hazy altar of Hepliaklqana.
  2150 | D:3      | Became a worshipper of Hepliaklqana the Forgotten
  2254 | D:4      | Gained mutation: You are mostly covered in large bone
                  | plates. (SH +6) [demonic ancestry]
  2254 | D:4      | Reached XP level 5. HP: 23/41 MP: 5/5
  2295 | D:4      | Reached skill level 6 in Ranged Weapons
  2320 | D:4      | Found a bloodstained altar of Trog.
  2321 | D:4      | Found a radiant altar of Vehumet.
  2391 | D:4      | Noticed an ogre
  2397 | D:4      | Killed an ogre
  2398 | D:4      | Reached skill level 7 in Ranged Weapons
  2398 | D:4      | Gained mutation: You have a pair of small antennae on your
                  | head. [demonic ancestry]
  2398 | D:4      | Reached XP level 6. HP: 14/48 MP: 6/6
  2459 | D:4      | Found an opulent altar of Gozag.
  2744 | D:5      | Entered Level 5 of the Dungeon
  2788 | D:5      | Noticed a water moccasin
  2805 | D:5      | Killed a water moccasin
  2806 | D:5      | Reached skill level 8 in Ranged Weapons
  2826 | D:5      | Reached XP level 7. HP: 55/55 MP: 7/7
  3090 | D:5      | Reached skill level 5 in Fighting
  3090 | D:5      | Reached skill level 9 in Ranged Weapons
  3146 | D:5      | Reached skill level 10 in Ranged Weapons
  3505 | D:5      | Reached * piety under Hepliaklqana
  3559 | D:5      | Found a staircase to the Ecumenical Temple.
  3685 | D:6      | Gained mutation: You have a pair of antennae on your head.
                  | [demonic ancestry]
  3685 | D:6      | Reached XP level 8. HP: 55/55 MP: 8/8
  3769 | D:6      | Reached skill level 11 in Ranged Weapons
  3827 | D:6      | Noticed Grinder
  3837 | D:6      | Paralysed by Grinder for 3 turns
  3837 | D:6      | Slain by an ogre

Illustrated notes

Levels and vault maps discovered:
D:1:      ebering_trefoil_twist, layout_basic, minmay_misc_feat_nine_boxes,
          kennysheep_minor_cross, minmay_cupped
D:2:      layout_basic
D:3:      layout_basic, nicolae_hepliaklqana_monster_ancestors,
          eino_tiny_chamber, minivault_5
D:4:      layout_rooms, chequers_temple_overflow_statue_of_worship,
          grunt_gozag_breadcrumbs
D:5:      layout_loops_cross, minmay_temple_entry_statues, serial_aquarium,
          aquarium_bridge_straight [aquarium_subvault_bridge,
          aquarium_subvault_balcony, aquarium_subvault_bridge,
          aquarium_subvault_wall], aquarium_window_1,
          aquarium_window_corridor_3, aquarium_window_double,
          aquarium_window_fake, aquarium_view_2a, aquarium_pool_double
D:6:      layout_basic, uniq_menkaure, uniq_grinder, uniq_blork_the_orc

Skill      XL: |  1  2  3  4  5  6  7  8 |
---------------+-------------------------+-----
Ranged Weapons | 4 5 7 8 10 11 | 11.2
Fighting       | 3 4 5 |  5.6
Dodging        | |  1.7
Stealth        | |  0.8

Action                     |  1- 3 |  4- 6 |  7- 9 || total
---------------------------+-------+-------+-------++-------
  Melee: Dagger            |       |    52 |    14 ||    66
         Punch             |       |     1 |       ||     1
   Fire: Shortbow          |   133 |   112 |    99 ||   344
 Invoke: Ancestor Identity |       |       |     1 ||     1
    Use: Scroll            |     4 |     3 |     5 ||    12
 Armour: Leather armour    |    10 |       |       ||    10
         Ring mail         |       |    28 |    18 ||    46
  Dodge: Dodged            |    28 |    63 |    38 ||   129
  Block: Other             |     6 |    29 |    18 ||    53
